Map: Blackpink LE

Players

JaySlays - Winner!

  • Race: Protoss Protoss
  • Spawn Location: 7:00

Fatalimpact

  • Race: Zerg Zerg
  • League: Gold
  • Spawn Location: 1:00

VOD

Have the link to the VOD?

Description

Time

  • Played on: April 21, 2018, 10:31 p.m.
  • Length: 7:26
Show
View Real Time Build Order
Export as new Build Order

JaySlays Protoss - Winner!

Build Orders: Dark Templar Rush 

Get SALT Encoding   

  1  0:00  Probe  
  12  0:06  Probe  
  14  0:19  Pylon  
  14  0:21  Probe  
  15  0:30  Assimilator  
  15  0:37  Probe  
  16  0:44  Gateway  
  17  0:50  Probe  
  17  0:59  Probe  
  18  1:07  Probe  
  19  1:16  Probe, Pylon  
  19  1:24  Assimilator  
  20  1:28  Probe  
  21  1:40  Probe  
  21  1:42  Cybernetics Core  
  21  1:47  Pylon  
  22  1:52  Probe  
  23  1:55  Zealot  
  25  2:04  Probe  
  26  2:19  Warp Gate  
  26  2:21  Adept  
  26  2:26  Twilight Council  
  28  2:45  Gateway  
  28  2:46  Robotics Facility  
  28  2:56  Robotics Facility  
  28  2:57  Probe  
  29  3:03  Stalker  
  29  3:08  Dark Shrine  
  29  3:09  Probe  
  30  3:18  Pylon  
  32  3:24  Probe  
  33  3:32  Gateway  
  33  3:33  Gateway  
  33  3:43  Warp Prism  
  35  3:52  Gateway  
  35  4:28  Forge  
  35  4:36  Dark Templar  
  35  4:37  Dark Templar x2  
  41  4:42  Pylon  
  41  5:09  Probe, Nexus  
  41  5:41  Zealot x4  
  49  5:53  Photon Cannon  
  49  5:54  Photon Cannon  
  49  5:59  Photon Cannon  
  49  6:10  Dark Templar x2  
  49  6:11  Dark Templar  
  53  6:33  Stalker  
  49  6:51  Stalker x2  
  49  6:52  Stalker, Nexus  
  53  7:08  Zealot  
  53  7:10  Pylon  
  53  7:12  Pylon  
Show
View Real Time Build Order
Export as new Build Order

Fatalimpact Zerg 

Build Orders: Pool First 

Get SALT Encoding   

  12  0:01  Drone  
  13  0:12  Overlord  
  13  0:22  Drone  
  14  0:30  Extractor  
  13  0:37  Drone x3  
  16  0:50  Spawning Pool  
  16  0:53  Drone  
  16  0:59  Drone  
  17  1:09  Drone  
  18  1:22  Drone  
  19  1:33  Hatchery  
  19  1:35  Drone  
  19  1:44  Metabolic Boost  
  19  1:47  Drone  
  20  1:55  Queen  
  22  2:02  Overlord  
  22  2:23  Zergling x4  
  22  2:28  Drone  
  25  2:36  Lair  
  25  2:41  Drone  
  26  2:44  Queen  
  26  2:46  Drone x2  
  30  2:58  Drone x2  
  32  3:07  Drone  
  32  3:09  Drone x3  
  32  3:11  Overlord  
  36  3:24  Roach Warren  
  36  3:26  Drone  
  36  3:38  Drone  
  36  3:39  Drone x2  
  39  3:50  Queen  
  41  3:55  Infestation Pit  
  41  3:58  Hydralisk Den  
  41  4:02  Extractor, Queen  
  40  4:04  Drone x3  
  40  4:06  Overlord  
  40  4:07  Overlord  
  40  4:08  Overlord  
  43  4:14  Drone  
  44  4:28  Extractor x2, Drone x3  
  45  4:32  Drone  
  45  4:33  Drone x2  
  45  4:36  Drone x3  
  51  4:52  Drone x3  
  54  5:22  Zergling x14  
  54  5:23  Zergling x2  
  61  5:35  Roach x2  
  65  5:36  Roach  
  65  5:37  Overlord  
  65  5:39  Overlord  
  67  5:56  Overlord  
  65  6:00  Spore Crawler  
  65  6:02  Overseer  
  65  6:04  Spore Crawler  
  45  6:11  Roach  
  45  6:12  Roach x6  
  45  6:17  Overseer  
  44  6:27  Roach  
  44  6:28  Roach  
  36  6:41  Roach x2  
  34  6:53  Roach  
Tags
 
League
Gold
Matchup
PvZ
Opening
Pool First
Spawn Locations
Cross Positions
Add a new tag
Caveats
  • Supply blocks, unpowered buildings, or Contaminate may cause inaccurate times.
  • Supply counts are checked every 10 seconds.